 Dungeon Sprint DCSS version 0.19-a0-1654-g9d3f708 (webtiles) character file.

35729 poirepourri the Ninja (level 13, -14/60 HPs)
             Began as a Spriggan Enchanter on Sept 20, 2016.
             Was the Champion of Dithmenos.
             Killed from afar by Lom Lobon (74 damage)
             ... with a great icy blast
             ... in the Dungeon (Sprint I: "Red Sonja").
             The game lasted 00:24:50 (6183 turns).

poirepourri the Ninja (Spriggan Enchanter)          Turns: 6183, Time: 00:24:51

Health: -14/60     AC:  9    Str: 12    XL:     13   Next: 49%
Magic:  27/36      EV: 39    Int: 26    God:    Dithmenos [******]
Gold:   547        SH: 10    Dex: 26    Spells: 5 memorised, 36 levels left

rFire  . . .     SeeInvis +     E - +3 dagger of Defenestration {venom, *Noise Str+3 Int+4}
rCold  + . .     Gourm    .     u - +2 robe {Archmagi}
rNeg   . . .     Faith    .     t - +0 buckler "Exug" {*Slow rElec rCorr Stlth+}
rPois  .         Spirit   .     (helmet restricted)
rElec  +         Dismiss  .     w - +2 cloak
rCorr  +         Reflect  .     (gloves unavailable)
MR     +++..     Harm     .     (boots unavailable)
Stlth  ++++++++++ NoTele   +    (no amulet)
                                k - ring of protection from cold
                                m - ring of protection from magic

@: mighty, brilliant, agile, very slightly contaminated, hasted, wreathed by
umbra, studying Short Blades, very quick
A: unfitting armour, molten scales 1, see invisible, herbivore 3, speed 3, slow
metabolism 2
a: Shadow Step, Shadow Form, Renounce Religion


You were in the Dungeon.
You worshipped Dithmenos.
Dithmenos was exalted by your worship.
You were not hungry.

You visited 1 branch You collected 6398 gold pieces.
You spent 5851 gold pieces at shops.

Inventory:

Hand Weapons
 n - a +0 blowgun
 o - a +0 dagger of venom
 E - the +3 dagger of Defenestration (weapon) {venom, *Noise Str+3 Int+4}
   (You bought it in a shop in the Dungeon)

   It poisons the flesh of those it strikes.
   It affects your strength (+3).
   It affects your intelligence (+4).
   It may make noises in combat.
Missiles
 p - 10 curare-tipped needles
Armour
 a - a +2 buckler of positive energy
 t - the +0 buckler "Exug" (worn) {*Slow rElec rCorr Stlth+}
   (You bought it in a shop in the Dungeon)

   It insulates you from electricity.
   It protects you from acid and corrosion.
   It may slow you when you take damage.
   It makes you more stealthy.
 u - a +2 robe of the Archmagi (worn)
 w - a +2 cloak (worn)
 x - a +1 robe of positive energy
 y - a +2 robe of magic resistance
Jewellery
 k - a ring of protection from cold (right hand)
 m - a ring of protection from magic (left hand)
 C - the ring "Igeylaud" {Fire Str-3 Dex+3 Slay+6 SInv}
   (You found it in the Dungeon)

   [ring of fire]

   It enhances your fire magic.
   It affects your strength (-3).
   It affects your dexterity (+3).
   It affects your accuracy and damage with ranged weapons and melee attacks
   (+6).
   It protects you from fire.
   It makes you vulnerable to cold.
   It lets you see invisible.
Wands
 l - a wand of lightning (6/15)
 s - a wand of acid (5/15)
Scrolls
 v - a scroll of recharging
 B - 4 scrolls of amnesia
 D - 5 scrolls of remove curse
 H - 2 scrolls of identify
 J - 2 scrolls of fear
Potions
 e - 5 potions of curing
 f - 4 potions of heal wounds
 g - 2 potions of haste
 h - 2 potions of magic
 i - 2 potions of berserk rage
 j - 3 potions of lignification
 r - a potion of might
 F - a potion of invisibility
 I - a potion of flight
Books
 c - a book of Maledictions

   Spells                             Type                      Level
   a - Corona                         Hexes                        1
   b - Ensorcelled Hibernation        Hexes/Ice                    2
   c - Confuse                        Hexes                        3
   d - Tukima's Dance                 Hexes                        3
   e - Dazzling Spray                 Conjuration/Hexes            3
 A - a book of the Sky

   Spells                             Type                      Level
   a - Summon Lightning Spire         Summoning/Air                4
   b - Airstrike                      Air                          4
   c - Silence                        Hexes/Air                    5
   d - Deflect Missiles               Charms/Air                   6
   e - Conjure Ball Lightning         Conjuration/Air              6
   f - Tornado                        Air                          9
 L - a book of the Warp

   Spells                             Type                      Level
   a - Gell's Gravitas                Hexes/Translocation          3
   b - Force Lance                    Conjuration/Translocation    4
   c - Summon Forest                  Summoning/Translocation      5
   d - Dispersal                      Translocation                6
   e - Controlled Blink               Translocation                8
   f - Disjunction                    Translocation                8
 M - a manual of Short Blades
Miscellaneous
 b - a crystal ball of energy
Comestibles
 d - 4 bread rations
 q - 2 slices of pizza


   Skills:
 + Level 3.0 Fighting
 + Level 9.7 Short Blades
 + Level 14.4 Dodging
 O Level 27 Stealth
 - Level 8.4 Shields
 + Level 18.2 Spellcasting
 + Level 6.6 Conjurations
 + Level 20.1 Hexes
 + Level 5.1 Invocations


You had 36 spell levels left.
You knew the following spells:

 Your Spells              Type           Power        Failure   Level  Hunger
a - Corona                Hex            #######      0%          1    None
b - Ensorcelled Hibernat  Hex/Ice        ######       1%          2    None
c - Confuse               Hex            ########     0%          3    None
d - Tukima's Dance        Hex            ########     0%          3    None
e - Dazzling Spray        Conj/Hex       ######       1%          3    None


Dungeon Overview and Level Annotations

Branches:
Dungeon (1/1)

Altars:
Cheibriados
Dithmenos
Elyvilon
Fedhas
Gozag
Hepliaklqana
Kikubaaqudgha
Makhleb
Nemelex Xobeh
Okawaru
Qazlal
Ru
Sif Muna
Trog
Uskayaw
Vehumet
Xom
Yredelemnul
Zin
The Shining One
Jiyva
Lugonu

Shops:
D ?:*}(([*(:%:[[}!%:*[?!

Annotations:
D Lom Lobon, Tiamat


Innate Abilities, Weirdness & Mutations

You are tiny and cannot use many weapons and most armour.
You have supernaturally acute eyesight. (SInv)
You are a herbivore.
You cover ground extremely quickly.
You need consume almost no food.
You are partially covered in molten scales. (AC +2)


Message History

Press: ? - help, Shift-Dir - straight line, f/p - Lom Lobon
Aim: Lom Lobon (black smoke, moderately wounded, poisoned, surrounded by restless winds, umbra)
You feel a surge of power!
The spray of energy hits Lom Lobon.
Lom Lobon is moderately wounded.
Lom Lobon barely misses you.
Casting: Dazzling Spray
Confirm with . or Enter, or press ? or * to list all spells.
Aiming: Dazzling Spray
Press: ? - help, Shift-Dir - straight line, f/p - Lom Lobon
Aim: Lom Lobon (black smoke, moderately wounded, poisoned, surrounded by restless winds, umbra)
You feel a surge of power!
The spray of energy hits Lom Lobon.
Lom Lobon is moderately wounded.
Your shadow mimicks your spell!
The shadow shard hits Lom Lobon.
Magic courses through your body. Lom Lobon gestures at you.
Lom Lobon conjures a mighty blast of ice!
The great icy blast engulfs you! You partially resist.
Ouch! That really hurt!
You die...

§#'#.###+#§..##..#§.§§.#...#....#
##^..#y#§##...#..##.§.§#.∩(#..$.#
.#§..###..###.#..≈###'##...#$...#
§+§....##.#A#.#..≈.[#.####'#$$§.#
§#^....#..###.#.)≈.##§#§§§.##$.§#
.###++##.##...#..≈##§§^§.§§.##..#
###..###..#+###..≈#§.^§§§^§§§#..#
####§§###...#.≈.§##..§§.§....##.#
#.§#§§#§###.#.≈§@#....§†[.§...#§#
#.§§§§§...#.###.&#.....)......#§#
#.§§§.§§..#.#.'.§##^....^....##§#
'......####'#§##§##..........#..#
##...###....#^#≈≈≈##........##..#
.#####...####.#≈≈&§##)[....##).§#
...)...###§§§§#≈≈≈≈≈########...§#
...#####§§§§####≈≈≈≈#≈≈≈≈≈#.....#
).##,..§§§§§#..#'≈≈≈'≈≈.≈≈+..§..#


You could see Lom Lobon.

Vanquished Creatures
  the Lernaean hydra (D)
  A golden dragon (D)
  A deep elf master archer (D)
  A shadow dragon (D)
  4 fire giants (D)
  A deep elf annihilator (D)
  A lorocyproca (D)
  A mummy priest (D)
  A hydra (D)
  2 centaur warriors (D)
  Sonja (D)
  7 unseen horrors (D)
  A deep troll (D)
  A lindwurm (D)
  2 oklob plants (D)
  8 shining eyes (D)
  2 sirens (D)
  A gargoyle (D)
  4 demonic crawlers (D)
  2 kobold demonologists (D)
  A hellwing (D)
  A slime creature (D)
  Sigmund (D)
  2 redbacks (D)
  13 hogs (D)
  A yak (D)
  7 floating eyes (D)
  7 necrophages (D)
  5 wasps (D)
  An ogre (D)
  8 jellies (D)
  Ijyb (D)
  3 ballistomycetes (D)
  A ballistomycete spore (D)
95 creatures vanquished.

Vanquished Creatures (others)
  A gargoyle (D)
  A ballistomycete spore (D)
2 creatures vanquished.

Grand Total: 97 creatures vanquished

Notes
Turn   | Place    | Note
-------+----------+-------------------------------------------
     0 | D        | poirepourri the Spriggan Enchanter began the quest for the Orb.
     0 | D        | Reached XP level 1. HP: 9/9 MP: 5/5
     2 | D        | Noticed Ijyb
    11 | D        | Killed Ijyb
    11 | D        | Reached skill level 6 in Stealth
    11 | D        | Reached skill level 5 in Hexes
    11 | D        | Reached XP level 2. HP: 13/13 MP: 5/7
    15 | D        | Learned a level 2 spell: Ensorcelled Hibernation
    38 | D        | Noticed an ogre
    40 | D        | Killed an ogre
    40 | D        | Reached skill level 5 in Dodging
    40 | D        | Reached skill level 9 in Stealth
    40 | D        | Reached XP level 3. HP: 16/16 MP: 8/10
    40 | D        | Reached XP level 4. HP: 21/21 MP: 8/11
    70 | D        | Noticed Sigmund
    78 | D        | Killed Sigmund
    78 | D        | Reached skill level 12 in Stealth
    78 | D        | Reached XP level 5. HP: 12/24 MP: 3/14
    78 | D        | Reached XP level 6. HP: 14/28 MP: 3/16
   217 | D        | Learned a level 3 spell: Confuse
   221 | D        | Learned a level 3 spell: Tukima's Dance
   225 | D        | Learned a level 3 spell: Dazzling Spray
   236 | D        | Found a deep blue altar of Sif Muna.
   238 | D        | Found a radiant altar of Vehumet.
   242 | D        | Reached skill level 10 in Hexes
   270 | D        | Found Yptuom's Gadget Emporium.
   270 | D        | Found an ancient bone altar of Kikubaaqudgha.
   270 | D        | Found a hazy altar of Hepliaklqana.
   270 | D        | Found a stormy altar of Qazlal.
   270 | D        | Found a hide-covered altar of Uskayaw.
   270 | D        | Found a blossoming altar of Fedhas.
   270 | D        | Found a bloodstained altar of Trog.
   270 | D        | Found an iron altar of Okawaru.
   270 | D        | Found a basalt altar of Yredelemnul.
   270 | D        | Found a glowing golden altar of the Shining One.
   270 | D        | Found a snail-covered altar of Cheibriados.
   270 | D        | Found a sacrificial altar of Ru.
   270 | D        | Found a glowing silver altar of Zin.
   270 | D        | Found a shadowy altar of Dithmenos.
   270 | D        | Found a white marble altar of Elyvilon.
   270 | D        | Noticed a yak
   271 | D        | Found an opulent altar of Gozag.
   272 | D        | Killed a yak
   272 | D        | Reached skill level 13 in Stealth
   273 | D        | Found a sparkling altar of Nemelex Xobeh.
   281 | D        | Became a worshipper of Dithmenos the Shadowed
   310 | D        | Found a burning altar of Makhleb.
   310 | D        | Found a viscous altar of Jiyva.
   310 | D        | Found a shimmering altar of Xom.
   310 | D        | Found a corrupted altar of Lugonu.
   310 | D        | Noticed a slime creature
   316 | D        | Killed a slime creature
   316 | D        | Reached skill level 14 in Stealth
   316 | D        | Reached XP level 7. HP: 32/32 MP: 16/19
   335 | D        | Noticed Sonja
   339 | D        | Killed Sonja
   339 | D        | Reached skill level 16 in Stealth
   339 | D        | Reached XP level 8. HP: 36/36 MP: 20/22
   357 | D        | Noticed a deep troll
   365 | D        | Killed a deep troll
   365 | D        | Reached * piety under Dithmenos
   365 | D        | Reached skill level 18 in Stealth
   376 | D        | Found Roanuedel's Armour Emporium.
   562 | D        | Bought a +1 buckler of positive energy for 189 gold pieces
   580 | D        | Noticed a centaur warrior
   582 | D        | Noticed a centaur warrior
   584 | D        | Killed a centaur warrior
   584 | D        | Reached skill level 10 in Dodging
   584 | D        | Reached skill level 19 in Stealth
   584 | D        | Reached skill level 10 in Spellcasting
   584 | D        | Reached XP level 9. HP: 39/39 MP: 22/24
   586 | D        | Killed a centaur warrior
   586 | D        | Reached skill level 20 in Stealth
   603 | D        | Reached ** piety under Dithmenos
   614 | D        | Noticed an oklob plant
   616 | D        | Killed an oklob plant
   616 | D        | Reached skill level 15 in Hexes
   629 | D        | Reached skill level 21 in Stealth
   643 | D        | Noticed an unseen horror
   644 | D        | Noticed an unseen horror
   650 | D        | Killed an unseen horror
   650 | D        | Reached *** piety under Dithmenos
   650 | D        | Reached XP level 10. HP: 44/44 MP: 26/26
   652 | D        | Killed an unseen horror
   652 | D        | Reached skill level 22 in Stealth
   745 | D        | Found Amote's Magic Scroll Boutique.
   866 | D        | Reached **** piety under Dithmenos
   867 | D        | Reached skill level 23 in Stealth
   872 | D        | Reached ***** piety under Dithmenos
   911 | D        | Reached skill level 1 in Fighting
  1165 | D        | Found Qecakap's General Store.
  1165 | D        | Found Leav's Antique Armour Shop.
  1165 | D        | Found Useuwineg's Antique Weapon Boutique.
  1167 | D        | Found Quss's Book Emporium.
  1167 | D        | Found Zocitaf's Food Shop.
  1167 | D        | Found Jiach's Book Shoppe.
  1167 | D        | Found Owaipnob's Antique Armour Boutique.
  1167 | D        | Found Powuipsiwito's Antique Armour Emporium.
  1167 | D        | Found Iheow's Gadget Shop.
  1167 | D        | Found Irigur's Distillery.
  1171 | D        | Found Laikhlin's Food Boutique.
  1172 | D        | Found Daroj's Assorted Antiques.
  1172 | D        | Found Ithu's Book Boutique.
  1173 | D        | Found Xonehuo's Magic Scroll Emporium.
  1177 | D        | Bought a twisted buckler for 247 gold pieces
  1177 | D        | Bought an embroidered robe for 18 gold pieces
  1180 | D        | Bought a potion of heal wounds for 50 gold pieces
  1180 | D        | Bought 2 potions of heal wounds for 100 gold pieces
  1180 | D        | Bought a potion of heal wounds for 50 gold pieces
  1184 | D        | Bought a scroll of enchant armour for 97 gold pieces
  1185 | D        | Bought a cloak for 103 gold pieces
  1207 | D        | Identified the cursed +0 buckler "Exug" {*Slow rElec rCorr Stlth+} (You bought it in a shop in the Dungeon)
  1354 | D        | Noticed a shining eye
  1354 | D        | Noticed a shining eye
  1354 | D        | Noticed a shining eye
  1373 | D        | Paralysed by a floating eye for 2 turns
  1374 | D        | Noticed a shining eye
  1376 | D        | Gained mutation: You are weak. (Str -2) [a shining eye]
  1378 | D        | Gained mutation: Your magical capacity is low. (-10% MP) [a shining eye]
  1379 | D        | Gained mutation: Armour fits poorly on your strangely shaped body. [a shining eye]
  1381 | D        | Killed a shining eye
  1381 | D        | Reached skill level 24 in Stealth
  1381 | D        | Reached skill level 1 in Shields
  1382 | D        | Paralysed by a floating eye for 2 turns
  1385 | D        | Reached ****** piety under Dithmenos
  1388 | D        | Noticed a shining eye
  1597 | D        | Noticed a shining eye
  1597 | D        | Noticed a shining eye
  1597 | D        | Noticed a shining eye
  1598 | D        | Killed a shining eye
  1599 | D        | Killed a shining eye
  1601 | D        | Reached XP level 11. HP: 49/49 MP: 18/25
  1603 | D        | Killed a shining eye
  1603 | D        | Reached skill level 1 in Conjurations
  1605 | D        | Killed a shining eye
  1605 | D        | Paralysed by a floating eye for 4 turns
  1610 | D        | Gained mutation: Your body sometimes deteriorates upon taking damage. [a shining eye]
  1630 | D        | Killed a shining eye
  1630 | D        | Reached skill level 5 in Short Blades
  1818 | D        | Killed a shining eye
  1821 | D        | Killed a shining eye
  1821 | D        | Reached skill level 1 in Invocations
  1823 | D        | Found Ahikuo's Book Shoppe.
  1823 | D        | Found Kigufo's Antique Weapon Boutique.
  1823 | D        | Found Puty's Assorted Antiques.
  1824 | D        | Found Piakoar's Antique Weapon Shop.
  1831 | D        | Bought a fuming coppery potion for 17 gold pieces
  1831 | D        | Bought a glowing scythe for 57 gold pieces
  1831 | D        | Bought a bloodstained buckler for 180 gold pieces
  1831 | D        | Bought a potion of heal wounds for 95 gold pieces
  1898 | D        | Bought a glowing robe for 11 gold pieces
  1898 | D        | Bought a runed robe for 11 gold pieces
  1902 | D        | Bought a silvery potion for 20 gold pieces
  1902 | D        | Bought an orange potion for 20 gold pieces
  1902 | D        | Bought a sapphire potion for 20 gold pieces
  1902 | D        | Bought a fizzy inky potion for 20 gold pieces
  1902 | D        | Bought a fuming coppery potion for 20 gold pieces
  1904 | D        | Bought a scroll of identify for 26 gold pieces
  1904 | D        | Bought a scroll of identify for 26 gold pieces
  1904 | D        | Bought 3 scrolls of identify for 78 gold pieces
  1904 | D        | Bought a scroll of identify for 26 gold pieces
  1904 | D        | Bought a scroll of identify for 26 gold pieces
  1904 | D        | Bought a scroll of identify for 26 gold pieces
  1904 | D        | Bought a scroll of identify for 26 gold pieces
  1904 | D        | Bought a scroll of remove curse for 39 gold pieces
  1904 | D        | Bought a scroll of magic mapping for 45 gold pieces
  1950 | D        | Reached skill level 25 in Stealth
  1967 | D        | Identified the cursed -6 buckler "Diruna" {rC+ Str+3} (You bought it in a shop in the Dungeon)
  1972 | D        | Lost mutation: Your magical capacity is low. (-10% MP) [potion of cure mutation]
  1972 | D        | Lost mutation: You are weak. (Str -2) [potion of cure mutation]
  1972 | D        | Lost mutation: Your body sometimes deteriorates upon taking damage. [potion of cure mutation]
  1972 | D        | Lost mutation: Armour fits poorly on your strangely shaped body. [potion of cure mutation]
  2556 | D        | Noticed a lorocyproca
  2558 | D        | Killed a lorocyproca
  3244 | D        | Noticed a lindwurm
  3249 | D        | Killed a lindwurm
  3263 | D        | Reached skill level 5 in Shields
  3270 | D        | Reached skill level 26 in Stealth
  3403 | D        | Noticed a daeva
  3406 | D        | Noticed an unseen horror
  3406 | D        | Noticed an unseen horror
  3406 | D        | Noticed an unseen horror
  3407 | D        | Noticed an unseen horror
  3409 | D        | Noticed an unseen horror
  3411 | D        | Killed an unseen horror
  3413 | D        | Killed an unseen horror
  3416 | D        | Killed an unseen horror
  3416 | D        | Reached XP level 12. HP: 54/54 MP: 22/31
  3420 | D        | Reached skill level 27 in Stealth
  3815 | D        | Noticed a fire giant
  3816 | D        | Noticed a fire giant
  3816 | D        | Noticed a fire giant
  3816 | D        | Noticed a fire giant
  3817 | D        | Killed a fire giant
  3819 | D        | Killed a fire giant
  3821 | D        | Killed a fire giant
  3821 | D        | Reached skill level 15 in Spellcasting
  3823 | D        | Killed a fire giant
  3835 | D        | Noticed Tiamat
  3917 | D        | Noticed a 12-headed hydra
  3919 | D        | Killed a 12-headed hydra
  3937 | D        | Noticed a deep elf annihilator
  3937 | D        | Noticed a mummy priest
  3955 | D        | Killed a deep elf annihilator
  4285 | D        | Killed a mummy priest
  4573 | D        | Noticed Lom Lobon
  4584 | D        | Noticed the 27-headed Lernaean hydra
  4621 | D        | Killed the 27-headed Lernaean hydra
  4621 | D        | Reached skill level 5 in Conjurations
  4621 | D        | Reached XP level 13. HP: 59/59 MP: 29/35
  4622 | D        | Noticed a deep elf master archer
  4624 | D        | Killed a deep elf master archer
  4775 | D        | Got a warped bone ring
  4875 | D        | Identified the ring "Igeylaud" {Fire Str-3 Dex+3 Slay+6 SInv} (You found it in the Dungeon)
  5278 | D        | Noticed a shadow dragon
  5278 | D        | Noticed a golden dragon
  5280 | D        | Killed a golden dragon
  5282 | D        | Killed a shadow dragon
  5282 | D        | Reached skill level 5 in Invocations
  5351 | D        | Found Socwud's Distillery.
  5369 | D        | Bought a potion of beneficial mutation for 455 gold pieces
  5369 | D        | Bought 2 potions of heal wounds for 130 gold pieces
  5369 | D        | Bought a potion of invisibility for 104 gold pieces
  5369 | D        | Bought a potion of brilliance for 52 gold pieces
  5374 | D        | Bought a potion of haste for 130 gold pieces
  5374 | D        | Bought a potion of berserk rage for 65 gold pieces
  5549 | D        | Bought a scroll of identify for 38 gold pieces
  5613 | D        | Bought a potion of flight for 36 gold pieces
  5626 | D        | Bought a bread ration for 55 gold pieces
  5626 | D        | Bought a bread ration for 55 gold pieces
  5629 | D        | Bought a scroll of identify for 46 gold pieces
  5629 | D        | Bought a scroll labeled IQUTAQ QIU for 23 gold pieces
  5631 | D        | Bought a scroll of fear for 45 gold pieces
  5631 | D        | Bought a scroll of enchant armour for 97 gold pieces
  5652 | D        | Bought a book of the Warp for 1260 gold pieces
  5652 | D        | Gained mutation: You are partially covered in molten scales. (AC +2) [potion of beneficial mutation]
  5823 | D        | Bought a smoking dagger for 182 gold pieces
  5827 | D        | Identified the +3 dagger of Defenestration {venom, *Noise Str+3 Int+4} (You bought it in a shop in the Dungeon)
  5833 | D        | Bought a manual of Short Blades for 1435 gold pieces
  6183 | D        | Killed from afar by Lom Lobon

Vault maps used:
D:        dungeon_sprint_1

Skill      XL: |  1  2  3  4  5  6  7  8  9 10 11 12 13 |
---------------+----------------------------------------+-----
Dodging        | 4 5 6 7 8 10 11 12 13 14 | 14.4
Stealth        | 6 9 12 14 16 19 21 24 26 27 | 27.0
Spellcasting   | 3 4 6 7 9 10 11 12 14 17 18 | 18.2
Hexes          | 5 7 9 11 12 14 15 16 17 19 20 | 20.1
Short Blades   | 2 4 7 9 |  9.7
Fighting       | 1 2 3 |  3.0
Shields        | 2 5 8 |  8.4
Conjurations   | 2 5 6 |  6.6
Invocations    | 2 4 5 |  5.1

Action                   |  1- 3 |  4- 6 |  7- 9 | 10-12 | 13-15 || total
-------------------------+-------+-------+-------+-------+-------++-------
Melee: Dagger            |     8 |     9 |     9 |   144 |     5 ||   175
 Cast: Ensorcelled Hiber |       |     5 |     1 |    16 |       ||    22
       Dazzling Spray    |       |       |       |    53 |    12 ||    65
       Confuse           |       |       |       |     6 |       ||     6
       Corona            |       |       |       |     1 |       ||     1
Invok: Shadow Step       |       |       |       |    11 |     2 ||    13
  Use: Scroll            |       |       |     1 |    20 |     2 ||    23
       Potion            |       |       |       |     4 |     9 ||    13
 Stab: Sleeping          |     2 |     4 |     9 |    53 |     3 ||    71
       Confused          |       |       |       |     3 |       ||     3
       Distracted        |       |       |       |     1 |       ||     1
  Eat: Bread ration      |       |       |       |     1 |       ||     1
Armor: Robe              |       |       |       |     5 |       ||     5
Dodge: Dodged            |     6 |     3 |     2 |    91 |     1 ||   103
Block: Buckler           |       |       |       |    10 |       ||    10
